 Dungeon Crawl Stone Soup version 0.30-a0-219-gf2db51d15e (webtiles) character file.

Game seed: 7456217437273180151

1545 gzilladon the Chopper (level 8, -7/68 HPs)
             Began as a Ghoul Fighter on Oct 7, 2022.
             Was an Initiate of Yredelemnul.
             Mangled by an ogre
             ... wielding a +0 giant spiked club
              (9 damage)
             ... on level 6 of the Dungeon.
             The game lasted 00:16:40 (4119 turns).

gzilladon the Chopper (Ghoul Fighter)               Turns: 4119, Time: 00:16:40

Health: -7/68      AC: 15    Str: 22    XL:     8   Next: 87%
Magic:  9/9        EV:  6    Int:  3    God:    Yredelemnul [......]
Gold:   279        SH:  4    Dex:  8    Spells: 7/7 levels left

rFire   . . .      SeeInvis +    a - +0 war axe
rCold   + . .      Faith    .    c - +0 buckler
rNeg    + + +      Spirit   .    u - +0 plate armour
rPois   ∞          Reflect  .    t - +2 helmet
rElec   .          Harm     .    (no cloak)
rCorr   .          Rampage  .    (no gloves)
Will    .....                    (no boots)
Stlth   ..........               (no amulet)
HPRegen 0.00/turn                w - ring of see invisible
MPRegen 0.11/turn                (no ring)

@: inhibited regen
A: claws 1, cold resistance 1, negative energy resistance 3, inhibited
regeneration, torment resistance 2, devour on kill
a: Renounce Religion, Recall Undead Harvest


You were on level 6 of the Dungeon.
You worshipped Yredelemnul.
Yredelemnul was noncommittal.
You visited 2 branches of the dungeon, and saw 7 of its levels.

You collected 279 gold pieces.

Inventory:

Hand Weapons
 a - a +0 war axe (weapon)
 f - a +0 sling of freezing
 o - a +0 lajatang
 p - a +0 scythe
Missiles
 g - 51 stones (quivered)
Armour
 b - a +0 scale mail
 c - a +0 buckler (worn)
 t - a +2 helmet (worn)
 u - a +0 plate armour (worn)
Jewellery
 d - an amulet of magic regeneration
 s - an amulet of regeneration
 w - a ring of see invisible (left claw)
 z - a ring of protection from cold
Scrolls
 h - 3 scrolls of fog {unknown}
 j - 6 scrolls of identify {unknown}
 q - a scroll of torment {unknown}
 r - 2 scrolls of silence {unknown}
 x - a scroll of poison {unknown}
 y - a scroll of noise {unknown}
 A - a scroll of vulnerability {unknown}
 C - 2 scrolls of teleportation {unknown}
 D - a scroll of fear {unknown}
 E - 3 scrolls of magic mapping {unknown}
Potions
 e - 2 potions of ambrosia {unknown}
 i - 2 potions of curing {unknown}
 k - a potion of degeneration {unknown}
 l - a potion of cancellation {unknown}
 m - a potion of berserk rage {unknown}
 n - 4 potions of brilliance {unknown}
 v - a potion of resistance {unknown}
 B - 2 potions of lignification {unknown}


   Skills:
 + Level 5.0 Fighting
 + Level 7.2 Axes
 + Level 5.1 Armour
 - Level 0.6 Dodging
 - Level 0.1 Stealth
 + Level 3.5 Shields
 * Level 3.8 Invocations


You had 7 spell levels left.
You didn't know any spells.
Your spell library contained the following spells:

 Spells                   Type           Power      Damage    Failure   Level
 Static Discharge         Conj/Air       0%         2-2/arc   100%        2
 Vhi's Electric Charge    Tloc/Air       0%         N/A       100%        3
 Arcjolt                  Conj/Air       0%         1d10      100%        5
 Lightning Bolt           Conj/Air       0%         1d11      100%        5


Dungeon Overview and Level Annotations

Branches:
Dungeon (6/15)             Temple (1/1) D:4

Altars:
Ashenzari
Hepliaklqana
Ru
Vehumet
Yredelemnul


Innate Abilities, Weirdness & Mutations

You are immune to poison.
You have sharp fingernails.
Your flesh is cold resistant. (rC+)
You are immune to negative energy. (rN+++)
You do not regenerate when monsters are visible.
You are immune to unholy pain and torment.
You thrive by killing the living.


Message History

The ogre dies!
You start resting.
An ogre comes into view. It is wielding a +0 giant spiked club.
An iguana comes into view.
You see here a +0 giant club.
Your bullfrog zombie hits the ogre.
You barely miss the ogre.
The ogre is lightly wounded.
Your bullfrog zombie hits the ogre.
The ogre hits you with a +0 giant spiked club!
The iguana bites your bullfrog zombie!
Your bullfrog zombie barely misses the iguana.
You hit the ogre but do no damage.
The ogre is lightly wounded.
The iguana bites your bullfrog zombie.
Your bullfrog zombie hits the iguana but does no damage.
The ogre hits you with a +0 giant spiked club.
The iguana bites your bullfrog zombie!
You barely miss the ogre.
The ogre is lightly wounded.
Your bullfrog zombie barely misses the iguana.
Your bullfrog zombie closely misses the iguana.
The ogre hits you with a +0 giant spiked club!
* * * LOW HITPOINT WARNING * * *
The iguana bites your bullfrog zombie.
You closely miss the ogre.
The ogre is lightly wounded.
Your bullfrog zombie hits the iguana.
The iguana bites your bullfrog zombie!
The ogre hits you with a +0 giant spiked club!
* * * LOW HITPOINT WARNING * * *
You slash the ogre!
The ogre is severely wounded.
Your bullfrog zombie barely misses the iguana.
The iguana bites your bullfrog zombie!
Your bullfrog zombie is destroyed!
You hit the ogre.
The ogre is almost dead.
The ogre hits you with a +0 giant spiked club!
You die...
Yredelemnul claims you as an undead slave.

.# #.......... ..#
#.......... .......
#..........
.......###..........
.....!..##..........
.........#..l.......
............O.......
............@.....#
..........)####.#.#
................#
..................#.#
.............#......#
.........)...#........
...........#.#.####.##
...........#.#.. ...
.............### ##


You could see an ogre and an iguana.

Vanquished Creatures
  Sigmund (D:2)
  A steam dragon (D:6)
  A water moccasin (D:5)
  2 ogres (D:5)
  A phantom (D:5)
  A bullfrog (D:6)
  2 scorpions
  3 jellies (D:6)
  3 orc priests
  A hound (D:5)
  3 iguanas
  An orc wizard (D:5)
  Terence (D:2)
  An adder (D:5)
  A white imp (D:5)
  3 worms
  A dart slug (D:2)
  6 orcs
  7 ball pythons
  5 endoplasms
  A giant cockroach (D:3)
  3 goblins (D:4)
  5 hobgoblins
  2 jackals (D:1)
  8 kobolds
  4 quokkas
  6 frilled lizards
  3 rats
77 creatures vanquished.

Vanquished Creatures (collateral kills)
  An ogre (D:6)
  A scorpion (D:5)
  A howler monkey (D:5)
  2 jellies
  2 orc priests (D:5)
  An adder (D:6)
  A worm (D:5)
  2 orcs
  A hobgoblin (D:4)
  A kobold (D:4)
13 creatures vanquished.

Vanquished Creatures (others)
  A bullfrog zombie (D:6)
  A scorpion zombie (D:6)
  A hound zombie (D:5)
  2 jelly zombies (D:6)
  An orc zombie (D:5)
  A quokka zombie (D:4)
  23 plants (D:4)
30 creatures vanquished.

Grand Total: 120 creatures vanquished

Notes
Turn   | Place    | Note
-------+----------+-------------------------------------------
     0 | D:1      | gzilladon the Ghoul Fighter began the quest for the Orb.
     0 | D:1      | Reached XP level 1. HP: 19/19 MP: 0/0
   292 | D:1      | Reached skill level 2 in Axes
   346 | D:1      | Found a faded altar of an unknown god.
   367 | D:1      | Reached XP level 2. HP: 26/26 MP: 1/1
  1016 | D:2      | Reached XP level 3. HP: 31/31 MP: 2/2
  1078 | D:2      | Noticed Terence
  1087 | D:2      | Killed Terence
  1247 | D:2      | Noticed Sigmund
  1256 | D:2      | Killed Sigmund
  1257 | D:2      | Reached skill level 4 in Axes
  1257 | D:2      | Reached XP level 4. HP: 30/40 MP: 3/3
  1257 | D:2      | Reached XP level 5. HP: 35/46 MP: 4/4
  1660 | D:3      | Reached XP level 6. HP: 47/52 MP: 5/5
  2114 | D:4      | Found a staircase to the Ecumenical Temple.
  2122 | D:4      | Reached skill level 5 in Axes
  2187 | Temple   | Entered the Ecumenical Temple
  2195 | Temple   | Became a worshipper of Yredelemnul the Dark
  2305 | D:4      | Reached * piety under Yredelemnul
  2527 | D:4      | Reached ** piety under Yredelemnul
  2971 | D:5      | Entered Level 5 of the Dungeon
  3030 | D:5      | Noticed a water moccasin
  3049 | D:5      | Killed a water moccasin
  3050 | D:5      | Reached skill level 1 in Invocations
  3050 | D:5      | Reached XP level 7. HP: 31/59 MP: 6/6
  3601 | D:5      | Reached skill level 6 in Axes
  3605 | D:5      | Reached XP level 8. HP: 59/67 MP: 8/8
  3610 | D:5      | Reached *** piety under Yredelemnul
  4087 | D:6      | Reached skill level 5 in Armour
  4103 | D:6      | Reached skill level 7 in Axes
  4105 | D:6      | Reached skill level 5 in Fighting
  4117 | D:6      | HP: 2/68 [ogre/+0 giant spiked club (17)]
  4119 | D:6      | Mangled by an ogre

Illustrated notes

Levels and vault maps discovered:
D:1:      psy_arrival_spokes, layout_basic, serial_glass, glass_columns_b,
          glass_columns_c, glass_columns_a, glass_columns_c, glass_columns_a,
          glass_columns_c, glass_columns_b, glass_columns_b, glass_columns_b,
          glass_columns_a, glass_columns_c, glass_columns_b, glass_columns_a,
          glass_columns_a, hellmonk_ecumenical_altar_lost_god
D:2:      layout_rooms, palyth_stone_intersect, uniq_sigmund, uniq_terence
D:3:      layout_rooms
D:4:      corexii_shack_village, layout_basic, minmay_temple_entry_junction,
          serial_rivers, chequers_serial_rivers_small_b,
          chequers_serial_rivers_micro_a, chequers_serial_rivers_micro_e,
          chequers_serial_rivers_micro_c, chequers_serial_rivers_large_a,
          serial_bayou_lake_a
D:5:      layout_basic
D:6:      layout_basic
Temple:   nicolae_temple_bog_church

Skill      XL: |  1  2  3  4  5  6  7  8 |
---------------+-------------------------+-----
Axes           | 2 4 5 6 7 |  7.2
Armour         | 3 4 5 |  5.1
Shields        | 3 |  3.5
Fighting       | 4 5 |  5.0
Invocations    | 1 2 3 |  3.8
Dodging        | |  0.6
Stealth        | |  0.1

Action                   |  1- 3 |  4- 6 |  7- 9 || total
-------------------------+-------+-------+-------++-------
Melee: War axe           |    75 |   115 |    87 ||   277
  Use: Potion            |     1 |     1 |       ||     2
Armor: Scale mail        |    43 |     3 |       ||    46
       Plate armour      |       |    62 |    67 ||   129
Dodge: Dodged            |    46 |    41 |    32 ||   119
Block: Buckler           |    18 |    16 |    20 ||    54

Table legend: (Time is in decaauts)
 A = Elapsed time spent in this place.
 B = Non-inter-level travel time spent in this place.
 C = Inter-level travel time spent in this place.
 D = Time resting spent in this place.
 E = Time spent auto-exploring this place.
 F = Levels seen in this place.
 G = Mean time per level.
                   A        B        C        D        E       F      G
               +--------+--------+--------+--------+--------+-----+--------+
         Total |   4304 |   3857 |    447 |    546 |      0 |   7 |  614.9 |
       Dungeon |   4282 |   3844 |    438 |    546 |      0 |   6 |  713.7 |
        Temple |     22 |     13 |      9 |      0 |      0 |   1 |   22.0 |
               +--------+--------+--------+--------+--------+-----+--------+

Top non-repeatable levels by time:
     D:4: 1157 daAuts
     D:1: 939 daAuts
     D:5: 879 daAuts
     D:2: 545 daAuts
     D:3: 459 daAuts
     D:6: 300 daAuts
  Temple: 22 daAuts
